AoeStats
← Zhangchenguang1922

Arena

507912994Analyzed
1v1 RM · 11d ago on Sep 20, 2026· 55m 41s· 2 players
Game mode
Random Map
Map size
Tiny (2 player)
Population
200
Speed
Normal
Resources
Standard
Victory
Conquest
Starting age
Dark Age
Ending age
Imperial Age
RankedLock teamsTeams togetherTeam positionsShared explorationLock speedFull tech treeHidden civsTurbo modeCheats
Victory
Defeat
🇹🇼 Bohemians · Taiwan
870
+14
🇨🇳 Spanish · China
836
-14
Zhangchenguang1922
7:47 Loom
10:10 Feudal Age
11:58 Double-Bit Axe
18:01 Castle Age
17:28 Stone Mining
17:24 Horse Collar
18:40 Man-at-Arms
20:02 Gambesons
20:18 Squires
20:59 Wheelbarrow
23:59 Scale Mail Armor
24:25 Heavy Plow
25:15 Bow Saw
25:26 Pikeman
26:36 Chain Mail Armor
26:13 Fletching
28:20 Hand Cart
31:03 Bloodlines
30:55 Husbandry
34:12 Imperial Age
32:00 Scale Barding Armor
32:41 Forging
32:27 Bodkin Arrow
34:13 Chain Barding Armor
34:29 Iron Casting
34:22 Cavalier
36:47 Plate Barding Armor
37:28 Conscription
36:57 Light Cavalry
38:41 Blast Furnace
38:38 Paladin
41:29 Supremacy
41:58 Capped Ram
43:05 Ballistics
43:50 Chemistry
44:45 Siege Ram
47:16 Bracer
47:04 Hussar
53:55 Ballistics
53:46 Masonry
53:22 Arrowslits
54:37 Halberdier
酷鯊鯊
10:51 Feudal Age
11:39 Double-Bit Axe
13:24 Loom
18:25 Castle Age
16:17 Horse Collar
21:30 Scale Barding Armor
21:56 Bow Saw
23:08 Husbandry
30:23 Imperial Age
28:51 Wheelbarrow
28:38 Town Watch
29:39 Chain Barding Armor
32:44 Forging
32:58 Conscription
35:16 Chemistry
36:03 Iron Casting
35:40 Cavalier
39:13 Blast Furnace
38:08 Pikeman
38:49 Squires
38:57 Scale Mail Armor
39:02 Halberdier
39:43 Halberdier
42:10 Chain Mail Armor
45:08 Two-Man Saw
48:01 Plate Mail Armor
47:21 Fletching
47:16 Elite Hussite Wagon
47:28 Light Cavalry
49:19 Bodkin Arrow
51:44 Arrowslits
Connection lost

Rejoining the realm…

Still unreachable

The connection could not be restored.

Session expired

The server has moved on; the page needs a fresh start.